[Event "TN Honra 2025-26"]
[Site "Pombal POR"]
[Date "2025.12.17"]
[Round "1.1"]
[White "Goncalves, Samuel Jesus P"]
[Black "Faryma, Matviy"]
[Result "1/2-1/2"]
[WhiteElo "2220"]
[WhiteTitle "FM"]
[WhiteFideId "1945130"]
[BlackElo "2271"]
[BlackTitle "NM"]
[BlackFideId "1961578"]
[TimeControl "90+30"]
[ECO "B81"]

1. e4 c5 2. Nf3 e6 3. d4 cxd4 4. Nxd4 Nf6 5. Nc3 d6 6. g4 h6 7. Be3 a6 8. Rg1 b5 9. a3 Bb7 10. Bg2 d5?? 11. exd5 Nxd5 12. Nxd5?! Bxd5 13. Bxd5 Qxd5 14. Nb3?! Qe5?? 15. Qf3 Qd5 16. Qxd5 exd5 17. O-O-O Be7 18. Rge1 O-O 19. Bxh6 Bxa3 20. Bxg7 Kxg7 21. bxa3 Nc6 22. Rxd5 Rh8 23. Rg5+ Kf8 24. Rc5?! Ne7 25. Rh1?! Rh3 26. Kb2 Rd8?! 27. f4?! Nc8 28. Rc6 Nd6 29. Rxa6 Nc4+ 30. Ka2 Re8? 31. Nd4 Kg8 32. Nxb5 Re2 33. Rc1 Rhxh2 34. Kb3 Re4 35. f5 Rxg4 36. Rd1 Nd2+ 37. Kb2 Nc4+?! 38. Kc3 Ne5 39. Rd8+ Kh7 40. Raa8?? Rg3+ 41. Kb2 Nc4+ 42. Kb1 Rg1+ 43. Ka2 Rxc2+ 44. Kb3 Rgc1 45. Rab8 Na5+ 46. Ka4 Nc6 47. Rh8+ Kg7 48. Rbg8+ Kf6 49. Rh6+ Ke7 50. Rg4 Rc4+ 51. Rxc4 Rxc4+ 52. Kb3 Na5+ 53. Kb2 Rf4 54. Ra6 Nc4+ 55. Kc3 Ne3 56. f6+ Rxf6 57. Rxf6 Kxf6 58. Nd6 Ke6 59. Nxf7 Kxf7 1/2-1/2

[Event "TN Honra 2025-26"]
[Site "Pombal POR"]
[Date "2025.12.17"]
[Round "1.2"]
[White "Santos, Antonio P"]
[Black "Veiga, Jose Francisco R P Neves"]
[Result "1/2-1/2"]
[WhiteElo "2147"]
[WhiteTitle "FM"]
[WhiteFideId "1900161"]
[BlackElo "2382"]
[BlackTitle "IM"]
[BlackFideId "1930087"]
[TimeControl "90+30"]
[ECO "E90"]

1. d4 Nf6 2. c4 g6 3. Nc3 Bg7 4. e4 d6 5. Nf3 O-O 6. h3 c5 7. d5 e6 8. Bd3 exd5 9. exd5 Re8+ 10. Be3 Bh6 11. O-O Bxe3 12. fxe3 Nbd7 13. Qd2 a6 14. e4 Kg7 15. Rf2 b6? 16. Raf1 Ra7?! 17. e5 dxe5? 18. Ng5 Kg8 19. Nce4 Nxe4 20. Bxe4 f5 21. Ne6 Qe7 22. Bxf5 Nf8 23. d6 Qh4 24. Nxf8?? Bxf5 25. Qd5+ Kxf8?? 26. Rxf5+?? gxf5 27. Rxf5+ Kg7 28. d7 Rxd7 29. Qxd7+ Re7 30. Qc8 Rf7 31. Rxf7+ Kxf7 32. Qd7+ Kf8 33. Qf5+ Kg8 34. Qe6+ Kf8 35. Qxe5 Qxc4 36. Qf6+ Kg8 37. Qxb6 Qc1+ 38. Kh2 Qf4+ 39. Kh1 Qf1+ 40. Kh2 1/2-1/2

[Event "TN Honra 2025-26"]
[Site "Pombal POR"]
[Date "2025.12.17"]
[Round "1.3"]
[White "Farias, David Nuno M E"]
[Black "Ribeiro, Rodrigo"]
[Result "1-0"]
[WhiteElo "2252"]
[WhiteTitle "NM"]
[WhiteFideId "1955004"]
[BlackElo "2144"]
[BlackTitle "FM"]
[BlackFideId "1938398"]
[TimeControl "90+30"]
[ECO "B42"]

1. e4 c5 2. Nf3 e6 3. d4 cxd4 4. Nxd4 a6 5. Bd3 Bc5 6. Nb3 Ba7 7. Qf3 Qf6 8. Qg3 Nc6 9. Nc3 Nge7 10. h4 h6 11. h5 O-O 12. f4 e5 13. Rf1 Qe6?? 14. f5 Qf6 15. Bd2?! b5?! 16. O-O-O Bb7 17. Qh3 Nb4?! 18. Na5? Nxd3+ 19. Qxd3 Bc6?? 20. g4 b4?! 21. g5 hxg5 22. Qg3 Qh6?! 23. Bxg5 Qxh5 24. Rh1?? Qxh1?? 25. Rxh1 f6 26. Bh6 Rf7 27. Nxc6 bxc3 28. Nxa7 cxb2+ 29. Kb1 Rxa7? 30. Bxg7 Rxg7 31. Qb3+ d5?! 32. Qb8+ Nc8 33. Qxc8+ Kf7 34. Qe6+ 1-0

[Event "TN Honra 2025-26"]
[Site "Pombal POR"]
[Date "2025.12.17"]
[Round "1.4"]
[White "Fidalgo, Andre Neves"]
[Black "Ferreira, Luis Pedro"]
[Result "0-1"]
[WhiteElo "2228"]
[WhiteTitle "NM"]
[WhiteFideId "1933620"]
[BlackElo "2225"]
[BlackTitle "NM"]
[BlackFideId "1925393"]
[TimeControl "90+30"]
[ECO "A37"]

1. c4 c5 2. Nc3 Nc6 3. g3 g6 4. Bg2 Bg7 5. Nf3 e5 6. O-O Nge7 7. a3 a5 8. d3 O-O 9. Bd2 Rb8 10. Ne1 d6 11. Nc2 Be6 12. Ne3 f5 13. Ned5 h6 14. f4?! Kh7 15. Rb1 Bf7 16. e3 Nxd5 17. cxd5 Ne7 18. e4?! b5 19. b3?! b4 20. axb4 axb4 21. Na4?! fxe4 22. dxe4 Be8 23. Nb2 Bb5 24. Nc4 exf4 25. gxf4 Nc8 26. Rf3 Bxc4 27. bxc4 Nb6 28. Bf1 Ra8 29. Rg3 Ra2?! 30. Be3?! Qh4 31. Rh3 Qe7 32. Bd3 Ra3 33. Rg3? Nxc4 34. Bxc4?? Rxe3 35. Rxe3 Bd4 36. Qd3 Rxf4 37. Kh1 Bxe3 38. Qxe3 Rxe4 39. Qd3? Re3 40. Qc2 Rc3 41. Qe2 Qxe2 42. Bxe2 Kg7 43. Kg2 Kf6 44. Bf3 b3 45. Kf2 c4 46. Be4 g5 47. Re1 Ke5 48. Bb1+ Kxd5 49. Rd1+ Ke5 50. Re1+ Kd5 51. Rd1+ Ke5 52. Re1+ Kd4 53. Rd1+ Kc5 54. Be4 Rh3 55. Rd5+ Kb4 56. Rxd6 Rxh2+ 57. Ke3 Kc3 58. Rc6 Rh3+ 59. Ke2 Kd4 60. Bh7 Rh2+ 61. Kd1?! c3 62. Rc8 c2+ 0-1

[Event "TN Honra 2025-26"]
[Site "Pombal POR"]
[Date "2025.12.17"]
[Round "1.5"]
[White "Goncalves, Lucas Jordao"]
[Black "Ribeiro, Gustavo"]
[Result "0-1"]
[WhiteElo "2138"]
[WhiteFideId "1945360"]
[BlackElo "2265"]
[BlackTitle "FM"]
[BlackFideId "1941852"]
[TimeControl "90+30"]
[ECO "C55"]

1. e4 e5 2. Nf3 Nc6 3. Bc4 Nf6 4. d3 h6 5. c3 d6 6. Bb3 g6 7. Nbd2 Bg7 8. Bc2 O-O 9. h3 Re8 10. Nf1 d5 11. Ng3 dxe4 12. dxe4 Qxd1+ 13. Bxd1 Be6 14. Bb3 Bxb3 15. axb3 Nd7 16. Be3 Nf8 17. Nd2 Ne6 18. Ne2 Ncd4 19. Rc1?! Rad8 20. f3 Nc6?! 21. b4 Rd3 22. Bf2 a6 23. Rd1 Red8 24. Nc1 R3d7 25. Be3 Bf6 26. Ke2 Bg5 27. Bxg5 hxg5 28. g3 Kg7 29. h4 gxh4 30. Rxh4 Ng5 31. Ncb3 b6 32. Rf1 a5 33. f4 exf4 34. gxf4 Nh7 35. bxa5 Nxa5 36. Nd4 Nc6 37. N2f3 Nxd4+ 38. cxd4 Rxd4 39. Nxd4 Rxd4 40. Kf3?! Rb4 41. Rf2 Nf6 42. Re2 Rb3+ 43. Kf2 c5 44. e5 Nd5 45. Rg4 Ne7 46. e6 fxe6 47. Rxe6 Kf7 48. Re2 Nf5 49. Rg1 Nd4 50. Re4 Rxb2+ 51. Ke3 Nf5+ 52. Kd3 b5 53. Ra1 c4+ 54. Kc3 Rb3+ 55. Kc2 Ne3+ 56. Kc1 Rd3 57. Ra7+ Kf6 58. Rae7 Nd5 59. R7e6+ Kg7 60. R6e5 Kf7 61. Rg5 Kf6 62. Ree5?? Nxf4 63. Rxb5 Ne2+ 64. Kb2 c3+ 65. Kb3 0-1

[Event "TN Honra 2025-26"]
[Site "Pombal POR"]
[Date "2025.12.15"]
[Round "2.1"]
[White "Faryma, Matviy"]
[Black "Ribeiro, Gustavo"]
[Result "1/2-1/2"]
[WhiteElo "2271"]
[WhiteTitle "NM"]
[WhiteFideId "1961578"]
[BlackElo "2265"]
[BlackTitle "FM"]
[BlackFideId "1941852"]
[TimeControl "90+30"]
[ECO "A04"]

1. Nf3 c5 2. b3 d5 3. e3 Nf6 4. Bb2 Nc6 5. d4 cxd4 6. exd4 g6 7. Nbd2 Bg7 8. a3 Bf5 9. Be2 O-O 10. O-O Qb6 11. c4 dxc4 12. Nxc4 Qd8 13. Nfe5 Be4 14. Qd2 Bd5 15. Rac1 Rc8 16. Qe3 Ne8 17. Nxc6 Rxc6 18. Bf3 Nf6 19. Ne5 Rc8 20. a4 Qd6 21. Nc4 Qd7 22. Ba3 Rfe8 23. Be2 b6 24. Ne5 Qb7 25. Bb5 Red8 26. Qe2 Bxg2 27. Rfe1 Bf8?? 28. f3?? Bh3 29. Nc6 Nd5? 30. Nxd8 Rxd8 31. Bc6 Qb8 32. Qe5 Nf4?! 33. Qxb8 Rxb8 34. Rcd1? e6 35. Bxf8 Kxf8 36. b4 Rd8?! 37. Rd2 Ke7?! 38. Kf2 Bf5 39. Be4?! Rc8 40. Bxf5?! gxf5 41. a5 Nd5 42. b5 Rc4 43. axb6 axb6 44. Rb1 Kf6 45. Kg3 Rc3 46. h4 Ra3 47. Kf2 h6 48. Rbb2 Ra1 49. Ra2 Rb1 50. Rab2 Rh1 51. Kg3?! f4+ 52. Kg2 Rxh4 53. Kg1 Rh3 54. Rh2?? Rxf3 55. Rxh6+ Kg7 56. Rhh2 Ne3 57. Rh4 Rf1+ 58. Kh2 f5 59. Ra2 f3?? 60. Kg3 Ng4 61. Ra7+ Kg6 62. Rhh7 f2 63. Rag7+ Kf6 64. Rf7+ Kg6 65. Rfg7+ Kf6 66. Rf7+ Kg6 67. Rfg7+ 1/2-1/2

[Event "TN Honra 2025-26"]
[Site "Pombal POR"]
[Date "2025.12.18"]
[Round "2.2"]
[White "Ferreira, Luis Pedro"]
[Black "Goncalves, Lucas Jordao"]
[Result "1-0"]
[WhiteElo "2225"]
[WhiteTitle "NM"]
[WhiteFideId "1925393"]
[BlackElo "2138"]
[BlackFideId "1945360"]
[TimeControl "90+30"]
[ECO "C47"]

1. e4 e5 2. Nf3 Nc6 3. Nc3 Nf6 4. h3 d6 5. d4 exd4 6. Nxd4 g6 7. Bg5 Bg7 8. Nxc6 bxc6 9. Qd2 Be6 10. Bh6 O-O 11. Be2 Rb8 12. Bxg7 Kxg7 13. b3 d5 14. exd5 cxd5 15. Rd1 c6 16. O-O Qd6 17. Bf3 Rbd8 18. Na4 Rfe8 19. Qd4 Bf5 20. Nc5 Qe5 21. c3 Nd7 22. Nxd7 Bxd7 23. c4 Qxd4 24. Rxd4 Be6 25. cxd5 cxd5 26. Rfd1 Rd6 27. h4 Red8 28. Kh2 h6 29. Be2 f5 30. f4 Kf6 31. Bf3 Ra6 32. R1d2 Rc6 33. g3 g5 34. Kg1 Bf7 35. Kf2 Be6 36. Ke3 gxh4 37. gxh4 Rc3+ 38. R2d3 Rc2 39. Ra4 Rd7? 40. Ra6 Ke7?! 41. Kd4 Rc1?? 42. Re3 Rd6 43. Rxa7+ Kf6 44. Rh7 Kg6 45. Ke5 d4?! 46. Re7 Rb6?? 47. h5# 1-0

[Event "TN Honra 2025-26"]
[Site "Pombal POR"]
[Date "2025.12.18"]
[Round "2.3"]
[White "Ribeiro, Rodrigo"]
[Black "Fidalgo, Andre Neves"]
[Result "1-0"]
[WhiteElo "2144"]
[WhiteTitle "FM"]
[WhiteFideId "1938398"]
[BlackElo "2228"]
[BlackTitle "NM"]
[BlackFideId "1933620"]
[TimeControl "90+30"]
[ECO "D86"]

1. d4 Nf6 2. c4 g6 3. Nc3 d5 4. cxd5 Nxd5 5. e4 Nxc3 6. bxc3 Bg7 7. Bc4 c5 8. Ne2 Nc6 9. Be3 O-O 10. O-O Bg4 11. f3 Bd7 12. Qd2 Qa5 13. Rfd1 cxd4 14. cxd4 Qxd2 15. Rxd2 Rac8 16. Rb1 Na5 17. Bd3 b5 18. Bxb5 Bxb5 19. Rxb5 Nc4 20. Rd3 Nxe3 21. Rxe3 Rc2 22. a3 Rfc8 23. e5 Bh6 24. f4 Ra2 25. g3 g5 26. Rb1?! Rcc2 27. Kf1 Kg7 28. f5 Kg8?? 29. Rb8+ Bf8 30. g4 Rd2?! 31. f6 e6?? 32. Rc3 Rdc2 33. Rcb3 h5?! 34. Rxf8+ Kh7 35. Rxf7+ Kh6 36. Re3 hxg4 37. Re7 Rd2 38. Ke1 Rdb2 39. Rxe6 g3 40. hxg3 1-0

[Event "TN Honra 2025-26"]
[Site "Pombal POR"]
[Date "2025.12.18"]
[Round "2.4"]
[White "Veiga, Jose Francisco R P Neves"]
[Black "Farias, David Nuno M E"]
[Result "0-1"]
[WhiteElo "2382"]
[WhiteTitle "IM"]
[WhiteFideId "1930087"]
[BlackElo "2252"]
[BlackTitle "NM"]
[BlackFideId "1955004"]
[TimeControl "90+30"]
[ECO "B48"]

1. e4 c5 2. Nf3 Nc6 3. Nc3 e6 4. d4 cxd4 5. Nxd4 Qc7 6. Be3 a6 7. Qd2 Nf6 8. f3 Bb4 9. a3 Be7 10. Bd3 b5 11. Nxc6 dxc6 12. Ne2 Nd7 13. O-O O-O 14. Rfd1 Rd8 15. Ng3 c5 16. c4 Ne5 17. Qc2 Rb8 18. cxb5 Nxd3 19. Rxd3 Rxd3 20. Qxd3 axb5 21. Rd1 c4 22. Qc3 b4 23. axb4 Rxb4 24. Nf1 Rb3 25. Qc1 h6 26. Bd4 e5 27. Bc3 Be6 28. Ne3 Qc5 29. Kf2 Bg5 30. g3 Rb8 31. h4?! Bd8 32. Qd2?! Bb6 33. g4 Kh7 34. h5?? Rd8 35. Qxd8?? Qxe3+ 0-1

[Event "TN Honra 2025-26"]
[Site "Pombal POR"]
[Date "2025.12.18"]
[Round "2.5"]
[White "Goncalves, Samuel Jesus P"]
[Black "Santos, Antonio P"]
[Result "0-1"]
[WhiteElo "2220"]
[WhiteTitle "FM"]
[WhiteFideId "1945130"]
[BlackElo "2147"]
[BlackTitle "FM"]
[BlackFideId "1900161"]
[TimeControl "90+30"]
[ECO "B32"]

1. e4 c5 2. Nf3 Nc6 3. d4 cxd4 4. Nxd4 e5 5. Nb5 d6 6. N1c3 a6 7. Na3 Nf6 8. Nc4 Bg4 9. f3 Be6 10. Be3 b5 11. Nb6 Rb8 12. Ncd5 Be7?! 13. c3?! O-O 14. a4 b4 15. Be2?! Nxd5 16. exd5 Bf5 17. dxc6 Rxb6 18. Bxb6 Qxb6 19. a5 Qxc6 20. Qa4 Qa8 21. O-O bxc3 22. bxc3 Rc8 23. Qb4 Rb8?! 24. Qc4 Rb5?! 25. Kh1? h5? 26. Qc7 Rb7 27. Qc6 Ra7 28. Qxa8+ Rxa8 29. f4? exf4?! 30. Rxf4 Bg6? 31. Rc4 Bf6 32. Rc6 h4?! 33. Bf3? Ra7?! 34. Re1 Be5 35. Be4 Bxe4 36. Rxe4 g5 37. Kg1 Kg7 38. h3 Rb7 39. Rb6?! Rc7 40. c4?? f5 41. Rxe5?? dxe5 42. Rxa6 Rxc4?? 43. Re6?? Rc5 44. a6 Ra5 45. Kf2 e4 46. Rb6? f4 47. Kf1 Ra1+ 48. Kf2 Ra2+ 49. Kf1 Kf7 50. Rc6 e3 51. Rb6 Kg7 52. Rc6?! g4 53. a7 gxh3 54. gxh3?! f3 55. Rc7+? Kg6 56. Kg1 Ra1+ 57. Kh2 e2 58. Re7 f2 59. a8=Q?! Rxa8 60. Re6+ Kg5 61. Re5+ Kg6 62. Re6+ Kg7 63. Re7+ Kg8 64. Rxe2 f1=Q 65. Re8+ Qf8 0-1

[Event "TN Honra 2025-26"]
[Site "Pombal POR"]
[Date "2025.12.15"]
[Round "3.1"]
[White "Santos, Antonio P"]
[Black "Faryma, Matviy"]
[Result "1/2-1/2"]
[WhiteElo "2147"]
[WhiteTitle "FM"]
[WhiteFideId "1900161"]
[BlackElo "2271"]
[BlackTitle "NM"]
[BlackFideId "1961578"]
[TimeControl "90+30"]
[ECO "E15"]

1. d4 Nf6 2. c4 e6 3. Nf3 b6 4. g3 Ba6 5. Qc2 Bb7 6. Bg2 Be7 7. O-O O-O 8. Nc3 d5 9. Ne5 c6 10. Rd1 Na6?! 11. b3?! Qc8 12. Bb2 Rd8 13. cxd5 exd5 14. Rac1 c5 15. Qb1 Qe6 16. Nd3 Qd7 17. Ne5?! Qe8 18. e3 Nc7 19. Na4 Ne6 20. dxc5 bxc5 21. Nd3 c4 22. Ne5 cxb3 23. axb3 Qb5 24. Nc3 Qxb3 25. Ne2 Rdb8 26. Nd4 Nxd4 27. Bxd4 Qxb1 28. Rxb1 a5 29. Nd3 Bc6 30. Nf4 Ne4 31. Ra1 g5 32. Nxd5 Bxd5 33. Be5 Bc6 34. Bxb8 Rxb8 35. Rdc1 Rb6 36. Rxa5 Nc5 37. Raxc5 Bxc5 38. Rxc5 Rb1+ 39. Bf1 Bf3 40. Rxg5+ Kf8 41. Rb5 Rc1 42. Rb2 Ke7 43. h3 Kf6 44. g4 Kg5 45. Rb5+ Kg6 46. Rb2 f6 47. Ra2 Kg5 48. Ra5+ Kg6 49. Ra2 Kg5 50. Ra5+ Kg6 51. Ra2 1/2-1/2

[Event "TN Honra 2025-26"]
[Site "Pombal POR"]
[Date "2025.12.18"]
[Round "3.2"]
[White "Farias, David Nuno M E"]
[Black "Goncalves, Samuel Jesus P"]
[Result "1-0"]
[WhiteElo "2252"]
[WhiteTitle "NM"]
[WhiteFideId "1955004"]
[BlackElo "2220"]
[BlackTitle "FM"]
[BlackFideId "1945130"]
[TimeControl "90+30"]
[ECO "A10"]

1. c4 b6 2. Nf3 Bb7 3. Nc3 Nf6 4. g3 e6 5. Bg2 Be7 6. O-O O-O 7. Re1 d5 8. cxd5 exd5 9. d4 Nbd7 10. Bf4 c5 11. dxc5 Nxc5 12. Rc1 Nfe4 13. Be5 Re8 14. h4 Bf8 15. Bh3 a6 16. e3 b5 17. a3 h6 18. b4 Nxc3 19. Rxc3 Ne4 20. Rc2 Nd6?! 21. Bxd6 Bxd6 22. Nd4 Qb6 23. Qd3 Be5 24. Nb3 Rad8 25. Bg2 g6 26. Na5 Ba8 27. Nb3 Bb7 28. Rd1 h5 29. Nd4 Kg7 30. Qb3 Rd7 31. Ne2 Red8 32. Rcd2 Qe6 33. Kh2 Qf6 34. Kg1 Qe6 35. Kh2 Qf6 36. f4 Bb8 37. Bxd5?! Re8 38. e4 Bc8?? 39. e5 Qb6 40. Qc3?? Rde7?? 41. Qd4?? Qd8?? 42. Bc6? Qxd4 43. Nxd4 Rf8 44. Bf3 Be6?? 45. Nc6? Rc7 46. Rd6?! Rfc8 47. Nxb8? Rxb8 48. Rc6 Rbc8?? 49. Rdc1 Rxc6 50. Rxc6 Rd8 51. Rd6 Rc8 52. Bc6 Kf8?! 53. Kg1 Ke7 54. Kf2 f6 55. Ke3 fxe5 56. fxe5 g5 57. Kd4 gxh4 58. gxh4 Rf8 59. Kc5 Rf5 60. Rd4? Rxe5+ 61. Kb6 Kf6?? 62. Rf4+ Kg6? 63. Re4 1-0

[Event "TN Honra 2025-26"]
[Site "Pombal POR"]
[Date "2025.12.18"]
[Round "3.3"]
[White "Fidalgo, Andre Neves"]
[Black "Veiga, Jose Francisco R P Neves"]
[Result "0-1"]
[WhiteElo "2228"]
[WhiteTitle "NM"]
[WhiteFideId "1933620"]
[BlackElo "2382"]
[BlackTitle "IM"]
[BlackFideId "1930087"]
[TimeControl "90+30"]
[ECO "A29"]

1. c4 e5 2. Nc3 Nf6 3. Nf3 Nc6 4. g3 Bc5 5. Bg2 O-O 6. O-O Re8 7. d3 h6 8. a3 a5 9. b3 d6 10. h3 Be6 11. e3 d5 12. Bb2 d4 13. exd4 exd4 14. Ne2 Qd7 15. Nf4 Bf5 16. g4 Bh7 17. Qd2 Qd6 18. Ne2 Re7 19. Ng3 Rae8 20. Nh4 Qd7 21. Rad1 Re5?! 22. Qc1?! Rd8 23. Qd2 Ree8 24. Rfe1 Bf8 25. Nhf5 Re6 26. Bxc6 Rxc6 27. Nxd4 Ra6?! 28. Nf3 Qc6?! 29. Ne5 Qb6 30. Qc3 c5 31. Re3 Raa8?! 32. f4 Rd4 33. Ne2 Rad8 34. Qc2 R4d6 35. Rf1 Ne8 36. f5 f6 37. Nf3 Nc7 38. Ng3 R6d7 39. Ne4 Qc6 40. Nh4 Ne8 41. Ng2 Nd6 42. Nxd6 Bxd6 43. Nf4 Bxf4 44. Rxf4 Kf8?! 45. b4?? axb4 46. axb4 Bg8?? 47. bxc5?! Bf7 48. d4 Kg8 49. Rfe4 Kh7? 50. Qb3? Qa6? 51. d5 Bxd5 52. cxd5 Rxd5 53. Re8 Rxe8?! 54. Rxe8 Qc6 55. Qe3?! Rd1+ 56. Kf2 Qd5?? 57. Bc1?? Rd3?? 58. Qe4 Qa2+ 59. Qe2 Qd5 60. Be3 Ra3 61. Qf3 Qd3?! 62. Qxb7?! Ra2+ 63. Kg3 Qf1 64. Qf3?? Qe1+ 65. Kf4 Qb4+?? 66. Qe4 Qe1? 67. Qe6?? Qf1+ 68. Ke4 Qh1+ 69. Kd4 Ra4+ 70. Kd3 Qd1+ 71. Bd2?? Ra3+ 72. Kc4 Qb3+ 73. Kd4 Qd3# 0-1

[Event "TN Honra 2025-26"]
[Site "Pombal POR"]
[Date "2025.12.18"]
[Round "3.4"]
[White "Goncalves, Lucas Jordao"]
[Black "Ribeiro, Rodrigo"]
[Result "1-0"]
[WhiteElo "2138"]
[WhiteFideId "1945360"]
[BlackElo "2144"]
[BlackTitle "FM"]
[BlackFideId "1938398"]
[TimeControl "90+30"]
[ECO "B41"]

1. e4 c5 2. Nf3 e6 3. d4 cxd4 4. Nxd4 a6 5. Be3 Nf6 6. f3 Qc7 7. Bd3 Bd6?! 8. g3?! Bc5 9. Qe2 d5 10. Nb3 Bxe3 11. Qxe3 dxe4 12. fxe4?! O-O 13. Nc3 Nc6 14. O-O-O b5 15. Rde1? Ne5 16. Kb1 Bd7 17. h3 b4 18. Ne2 Rfc8 19. g4 a5 20. Nbd4 a4 21. Rc1 Qa7 22. g5 Nh5 23. Rhf1 Be8 24. Qd2 Qb6 25. Nf3 Nxf3 26. Rxf3 e5 27. Rcf1 Rd8 28. Qe1 Rac8 29. b3? axb3 30. axb3 Qa5 31. Qc1 Bb5 32. Rd1 Ra8 33. Qb2 Bxd3?! 34. Rfxd3 Rxd3 35. Rxd3 Qc5?! 36. Nc1? Nf4 37. Rd1 Qe7 38. h4 g6?! 39. c3? Qb7 40. Re1 Qa6?! 41. c4 Qd6 42. Qc2 Rd8?! 43. c5 Qd4?! 44. c6 Ra8 45. Na2 Ne6 46. Rd1 Qb6 47. Qc4 Qa5? 48. Nxb4 Nd4?? 49. Rxd4 exd4 50. c7 Rc8 51. Nd5 Qe1+ 52. Kb2 Qd2+?! 53. Qc2 Qxc2+ 54. Kxc2 Kf8 55. b4 Ke8 56. b5 Kd7 57. Nb6+ Kxc7 58. Nxc8 Kxc8 59. Kd3 Kc7 60. Kxd4 Kb6 61. Kc4 1-0

[Event "TN Honra 2025-26"]
[Site "Pombal POR"]
[Date "2025.12.18"]
[Round "3.5"]
[White "Ribeiro, Gustavo"]
[Black "Ferreira, Luis Pedro"]
[Result "1/2-1/2"]
[WhiteElo "2265"]
[WhiteTitle "FM"]
[WhiteFideId "1941852"]
[BlackElo "2225"]
[BlackTitle "NM"]
[BlackFideId "1925393"]
[TimeControl "90+30"]
[ECO "C48"]

1. e4 e5 2. Nf3 Nf6 3. Nc3 Nc6 4. Bb5 Nd4 5. Bd3 Nxf3+ 6. Qxf3 d6 7. Bc4 c6 8. O-O Bg4 9. Qe3 b5 10. Bb3 Be7 11. h3 Be6 12. Ne2 O-O 13. d4 Qc8 14. dxe5 dxe5 15. Ng3 Re8 16. Qe2 a5 17. a4 Bxb3 18. cxb3 Qe6 19. Bg5 Reb8 20. Nf5 h6 21. Bxf6 Bxf6 22. Rfd1 Be7 23. Qg4 Qf6 24. Rd3 Bf8 25. axb5 Rxb5 26. Qf3 Rab8 27. Rad1 Kh7 28. h4 Qe6 29. Rd6 Qxb3 30. Qh5 R5b7 31. R1d3?? Qxb2 32. Nxg7? Bxg7?? 33. Qf5+ Kg8 34. Rd8+ Rxd8 35. Rxd8+ Bf8 36. Qg4+ Kh7 37. Rxf8 Qc1+ 38. Kh2 Qf4+ 39. Qxf4 exf4 40. Ra8 Rb5 41. g3 fxg3+ 42. Kxg3 Kg6 43. Ra6 Rc5 44. Kg4 Kf6 45. f4 Ke6 46. h5 Rc4 47. Rxa5 Rxe4 48. Rc5 Kd6 49. Rf5 Ke6 50. Rc5 Kd6 51. Rf5 Ke7 52. Rc5 Re6 53. Ra5 Kd6 54. Rf5 Ke7 55. Ra5 Rd6 56. Re5+ Kf6 57. Rf5+ Ke6 58. Re5+ Kd7 59. Rf5 f6 60. Ra5 Rd5 61. Ra7+ Ke6 62. Rc7 Rc5 63. Rh7 Rc1 64. f5+ Kd6 65. Rf7 Rc4+ 66. Kg3 Ke5 67. Rh7 Kxf5 68. Rxh6 Rg4+ 69. Kf3 Rf4+ 70. Ke3 Re4+ 71. Kd3 Rh4 72. Rh8 Rh3+ 73. Kd4?? Rh4+?? 74. Kd3 c5 75. Rc8 Rxh5 76. Rxc5+ Kg6 77. Rc1 Re5 78. Rg1+ Kf7 79. Kd4 Ke6 80. Rh1 Re2 81. Kd3 Re5 82. Kd4 Kf5 83. Rf1+ Kg5 84. Rg1+ Kf5 85. Rf1+ Kg6 86. Rg1+ Rg5 87. Rh1 Rg3 88. Ke4 Kg5 89. Rf1 Rg4+ 90. Ke3 Ra4 91. Rg1+ Kf5 92. Rf1+ Ke5 93. Rb1 Ra3+ 94. Kf2 f5 95. Rb4 Kf6 96. Kg2 Kg5 97. Kf2 f4 98. Rb8 Ra2+ 1/2-1/2

[Event "TN Honra 2025-26"]
[Site "Pombal POR"]
[Date "2025.12.15"]
[Round "4.1"]
[White "Faryma, Matviy"]
[Black "Ferreira, Luis Pedro"]
[Result "1/2-1/2"]
[WhiteElo "2271"]
[WhiteTitle "NM"]
[WhiteFideId "1961578"]
[BlackElo "2225"]
[BlackTitle "NM"]
[BlackFideId "1925393"]
[TimeControl "90+30"]
[ECO "A01"]

1. b3 d5 2. Bb2 c5 3. e3 Nc6 4. Nf3 Nf6 5. d4 Bg4 6. dxc5 e6 7. Nbd2 Bxc5 8. h3 Bh5 9. Be2 O-O 10. a3 Qe7 11. g4?! Bg6 12. h4?! Nxg4 13. h5 Bf5 14. Nh4 Bxe3 15. Bxg4 Bxd2+ 16. Qxd2 Bxg4 17. h6 g6 18. f3?! Bf5? 19. O-O-O d4 20. Nxf5 exf5 21. Rhe1 Qh4 22. Kb1?! Rad8 23. b4 a6 24. c4 f6 25. f4 Rd7?! 26. b5 axb5?? 27. cxb5 Ne7?? 28. Bxd4?? Rfd8?? 29. Qa2+?! Nd5 30. Bb6?? Kf8 31. Bc5+ Kf7 32. Bb6 Kf8 33. Bc5+ 1/2-1/2

[Event "TN Honra 2025-26"]
[Site "Pombal POR"]
[Date "2025.12.19"]
[Round "4.2"]
[White "Ribeiro, Rodrigo"]
[Black "Ribeiro, Gustavo"]
[Result "0-1"]
[WhiteElo "2144"]
[WhiteTitle "FM"]
[WhiteFideId "1938398"]
[BlackElo "2265"]
[BlackTitle "FM"]
[BlackFideId "1941852"]
[TimeControl "90+30"]
[ECO "A41"]

1. d4 d6 2. c4 e5 3. d5 Be7 4. Nc3 Bg5 5. e3 Bh6 6. Bd3 f5 7. f4 Na6 8. Bc2 Qe7 9. Nge2 Nf6 10. O-O O-O 11. a3 c6 12. b4 Nc7 13. Ng3 e4?! 14. Bb3 cxd5 15. Nxd5 Ncxd5 16. cxd5 g6 17. Bb2 Bg7 18. Rc1?! b6?! 19. a4 Bb7 20. Qd2 a5?! 21. Ne2 axb4 22. Nd4 Nd7?! 23. Rc7 Ba6 24. Rfc1 Rf7 25. Qxb4 g5 26. Nc6? Qf8 27. Bxg7? Rxg7 28. Nd4?! Nc5 29. Ne6 Rxc7 30. Nxf8 Nd3 31. Rxc7 Nxb4 32. Ne6 gxf4 33. Nxf4 Rc8 34. Rxc8+ Bxc8 35. Ne2?! Kf7 36. Bc4? Kf6 37. Kf2 Ke5 38. Nf4?! Bd7 39. Bb3 Na6 40. Ke2?! Nc5 41. Ba2 Nxa4 42. Kd2 b5 43. Nh3 h6 44. Nf4?! Be8?! 45. h3? b4 46. Bc4 Nb6 47. Bb3 Bf7 48. g4 fxg4 49. hxg4 Nd7 50. Nh3 Nf6 51. g5 hxg5 52. Nxg5 Bxd5 53. Bxd5?! Kxd5 54. Nh3 Kc4 55. Nf4 Ng4 56. Ne2 Ne5 57. Nd4? Nf3+ 0-1

[Event "TN Honra 2025-26"]
[Site "Pombal POR"]
[Date "2025.12.19"]
[Round "4.3"]
[White "Veiga, Jose Francisco R P Neves"]
[Black "Goncalves, Lucas Jordao"]
[Result "1-0"]
[WhiteElo "2382"]
[WhiteTitle "IM"]
[WhiteFideId "1930087"]
[BlackElo "2138"]
[BlackFideId "1945360"]
[TimeControl "90+30"]
[ECO "D37"]

1. c4 e6 2. d4 d5 3. Nc3 Nf6 4. Nf3 Be7 5. e3 b6 6. Be2 Bb7 7. O-O O-O 8. b3 c5 9. cxd5 Nxd5 10. Bb2 Nd7 11. Rc1 N7f6 12. Na4 Ne4 13. a3 Rc8 14. Bd3 Ndf6 15. dxc5 Nxc5 16. Nxc5 bxc5 17. Qc2 h6 18. Rfd1 Qb6 19. Ne5 Rfd8 20. Nc4 Qc6 21. f3 Ba6 22. e4 Nd7 23. Bf1 Bxc4 24. Qxc4 Bg5 25. Rc2 Nb6 26. Rxd8+ Rxd8 27. Qe2 c4 28. g3 Qb5 29. bxc4 Qc5+ 30. Kg2 Na4 31. h4 Nxb2 32. Rxb2 Bc1 33. Ra2 Bxa3 34. Kh3 Bb4 35. e5 a5 36. f4 Qg1 37. Bg2 Qc1 38. Rc2 Qa3 39. Be4 Bc5 40. h5 Rb8 41. Ra2 Qc3 42. Rc2 Qd4 43. Rd2 Qg1 44. Kg4 Qe3 45. Qg2 a4 46. Rd3? Qe1 47. Qc2 a3 48. Rd1 Qa5 49. Ra1? Bd4 50. Ra2 Qa7?! 51. Bh7+ Kh8 52. Qd3?! Bb2 53. Be4 Qc7 54. Qe2?! Qc5 55. Bb1?! Kg8?? 56. Qd3 Kf8 57. Qh7 Re8 58. Qh8+ Ke7 59. Qxg7 Rf8 60. Qxh6?? Rg8+ 61. Kh4 Qg1?? 62. Qf6+ Ke8 63. Bg6 Qh2+?? 64. Kg4 Qe2+?! 65. Kg5 Rf8 1-0

[Event "TN Honra 2025-26"]
[Site "Pombal POR"]
[Date "2025.12.19"]
[Round "4.4"]
[White "Goncalves, Samuel Jesus P"]
[Black "Fidalgo, Andre Neves"]
[Result "1/2-1/2"]
[WhiteElo "2220"]
[WhiteTitle "FM"]
[WhiteFideId "1945130"]
[BlackElo "2228"]
[BlackTitle "NM"]
[BlackFideId "1933620"]
[TimeControl "90+30"]
[ECO "B90"]

1. e4 c5 2. Nf3 d6 3. d4 cxd4 4. Nxd4 Nf6 5. Nc3 a6 6. f3 e5 7. Nb3 Be7 8. Be3 Be6 9. Qd2 h5 10. Nd5 Nxd5 11. exd5 Bf5 12. Na5 Qc7 13. Be2 O-O 14. O-O b6 15. Nc4 Nd7 16. a4 Rfe8 17. Rfc1 a5 18. Rf1 Bf8 19. Rae1 Nc5 20. b3 h4 21. f4 g6 22. fxe5 dxe5 23. Rd1? h3?? 24. Bf3?! Bd6?! 25. g4?! Bd7? 26. Qf2 f5 27. gxf5?! Bxf5 28. Qg3 Rad8? 29. Rd2?? Rd7 30. Bh1?! Rg7? 31. Rdf2 Nd7 32. Bh6 Rh7 33. Be3?? Rg7? 34. Bh6 Rh7 35. Be3?? Rg7 36. Bf3 Nc5 37. Bh1?! 1/2-1/2